 Dungeon Crawl Stone Soup version 0.17.0-23-g0de4337 (webtiles) character file.

417 oplop the Gusty (level 6, 0/33 HPs)
             Began as a Tengu Air Elementalist on Nov 13, 2015.
             Slain by an ogre
             ... wielding a +0 giant club
              (20 damage)
             ... on level 4 of the Dungeon.
             The game lasted 00:12:11 (4299 turns).

oplop the Gusty (Tengu Air Elementalist)            Turns: 4299, Time: 00:12:12

Health: 0/33       AC:  2    Str:  7 (8)  XL:     6   Next: 92%
Magic:  2/13       EV: 14    Int: 19      God:
Gold:   47         SH:  0    Dex: 15      Spells: 4 memorised, 5 levels left

rFire  . . .     SeeInvis .     m - +2 spear (flame)
rCold  . . .     Clarity  .     a - +0 robe
rNeg   . . .     SustAt   .     (no shield)
rPois  .         Gourm    .     (helmet restricted)
rElec  .         Spirit   .     (no cloak)
rCorr  .         Warding  .     (no gloves)
rMut   .         Stasis   .     (boots unavailable)
MR     .....                    (no amulet)
Stlth  ++........               (no ring)
                                (no ring)

@: repel missiles, not resistant to hostile enchantments, unstealthy
A: beak, talons 3, clever 1, able to fly 1
a: Fly


You were on level 4 of the Dungeon.
You were not hungry.

You visited 1 branch of the dungeon, and saw 4 of its levels.

You collected 131 gold pieces.
You spent 84 gold pieces at shops.

Inventory:

Hand Weapons
 f - a +0 dagger
 k - a +1 dagger of speed
 m - a +2 spear of flaming (weapon)
Armour
 a - a +0 robe (worn)
Scrolls
 d - 3 scrolls of fog {unknown}
 e - 2 scrolls of fear {unknown}
 g - a scroll of identify {unknown}
 i - a scroll of amnesia {unknown}
 r - a scroll of immolation {unknown}
 s - 2 scrolls of teleportation {unknown}
 t - a scroll of magic mapping {unknown}
 w - a scroll of random uselessness {unknown}
 y - a scroll of enchant weapon {unknown}
Potions
 n - a potion of might
 o - a potion of degeneration
 p - a potion of heal wounds
 q - a potion of cure mutation {unknown}
 v - a potion of mutation {unknown}
 x - 2 potions of curing
Books
 b - a book of Air

   Spells                             Type                      Level
   a - Shock                          Conjuration/Air              1
   b - Swiftness                      Charms/Air                   2
   c - Repel Missiles                 Charms/Air                   2
   d - Static Discharge               Conjuration/Air              3
   e - Lightning Bolt                 Conjuration/Air              5
 u - a book of Annihilations

   Spells                             Type                      Level
   a - Poison Arrow                   Conjuration/Poison           6
   b - Chain Lightning                Conjuration/Air              8
   c - Lehudib's Crystal Spear        Conjuration/Earth            8
   d - Glaciate                       Conjuration/Ice              9
   e - Fire Storm                     Conjuration/Fire             9
Comestibles
 c - a bread ration
 h - a beef jerky
 j - a meat ration
 l - a slice of pizza


   Skills:
 - Level 0.4 Fighting
 + Level 3.9 Dodging
 - Level 2.6 Stealth
 + Level 4.0 Spellcasting
 + Level 3.7 Conjurations
 + Level 5.9 Air Magic


You had 5 spell levels left.
You knew the following spells:

 Your Spells              Type           Power        Failure   Level  Hunger
a - Shock                 Conj/Air       ###.         1%          1    None
b - Static Discharge      Conj/Air       ###.....     8%          3    ###....
c - Swiftness             Chrm/Air       ###.....     8%          2    ##.....
d - Repel Missiles        Chrm/Air       ###...       8%          2    ##.....


Dungeon Overview and Level Annotations

Branches:
Dungeon (4/15)
 Temple: D:4-7

Altars:
Ashenzari
Fedhas
Nemelex Xobeh
Qazlal
Trog

Shops:
D:4 !*}

Annotations:
D:2 1 exclusion, Crazy Yiuf
D:4 HaroldButt's ghost, amateur VSMo


Innate Abilities, Weirdness & Mutations

You have a beak for a mouth.
You have claws for feet.
You can fly.
Your mind is acute. (Int +2)


Message History

The ogre is heavily wounded.
The lightning grounds out.
The ogre hits you with a giant club.
Unknown command.
Casting: Static Discharge
Confirm with . or Enter, or press ? or * to list all spells.
The ogre is struck by lightning.
The ogre is heavily wounded.
The lightning arcs!
You are struck by lightning.
The lightning arcs!
The ogre is struck by lightning.
The ogre is severely wounded.
The lightning grounds out.
The ogre misses you.
Casting: Static Discharge
Confirm with . or Enter, or press ? or * to list all spells.
You don't have enough magic to cast that spell.
Unknown command.
You puncture the ogre! You burn the ogre.
The ogre is almost dead.
The ogre hits you with a giant club!!
Ouch! That really hurt!
You die...

#.## #.## ##.## #∩#
##...## ##.##
#.....###...#####
#^<.......#...).#
#.....###...###.#
##...## #####...########
##.## #.'∩#..........#
#.# #@###.##.###......
#.#####O.####...##.#.###
#................#.# #
.######.###.###.#.# #..
#.# .(.# ###.#.# .###
.#.. . ### [


You could see an ogre.

Vanquished Creatures
  Sigmund (D:3)
  Natasha (thrice) (D:2)
  10 adders
  2 oozes
  An adder skeleton (D:3)
  4 worms
  2 giant geckos
  3 orcs
  12 bats
  10 hobgoblins
  A ball python (D:3)
  6 giant cockroaches
  4 giant newts
  10 goblins
  15 jackals
  A jackal skeleton (D:4)
  12 kobolds
  A quokka (D:2)
  16 rats
114 creatures vanquished.

Notes
Turn   | Place    | Note
--------------------------------------------------------------
     0 | D:1      | oplop the Tengu Air Elementalist began the quest for the Orb.
     0 | D:1      | Reached XP level 1. HP: 10/10 MP: 4/4
   258 | D:1      | Reached XP level 2. HP: 9/15 MP: 0/6
   636 | D:1      | Found a shattered altar of Ashenzari.
   945 | D:1      | Reached XP level 3. HP: 19/19 MP: 5/7
  1617 | D:2      | Reached XP level 4. HP: 12/24 MP: 2/9
  1884 | D:2      | Noticed Natasha
  1902 | D:2      | Killed Natasha
  1934 | D:2      | Noticed Natasha
  1941 | D:2      | Killed Natasha
  1941 | D:2      | Gained mutation: You can fly. [Tengu growth]
  1941 | D:2      | Reached XP level 5. HP: 8/28 MP: 0/10
  2142 | D:2      | Found a stormy altar of Qazlal.
  2225 | D:2      | Noticed Natasha
  2228 | D:2      | Killed Natasha
  2273 | D:2      | Noticed Crazy Yiuf
  2313 | D:3      | Noticed Sigmund
  2331 | D:2      | Learned a level 3 spell: Static Discharge
  2334 | D:2      | Learned a level 2 spell: Swiftness
  2337 | D:2      | Learned a level 2 spell: Repel Missiles
  2622 | D:3      | Reached skill level 5 in Air Magic
  2808 | D:4      | Found Abaufob's Gadget Shop.
  2878 | D:4      | Found a bloodstained altar of Trog.
  2882 | D:4      | Noticed HaroldButt's ghost (amateur VSMo)
  3245 | D:3      | Gained mutation: Your mind is acute. (Int +2) [potion of beneficial mutation]
  3248 | D:3      | Killed Sigmund
  3248 | D:3      | Reached XP level 6. HP: 5/33 MP: 2/12
  3519 | D:3      | Found a sparkling altar of Nemelex Xobeh.
  3816 | D:3      | Found a blossoming altar of Fedhas.
  4252 | D:4      | Found Comea's Distillery.
  4256 | D:4      | Bought a potion of curing for 42 gold pieces
  4256 | D:4      | Bought a potion of curing for 42 gold pieces
  4262 | D:4      | Found Qybain's General Store.
  4293 | D:4      | Noticed an ogre
  4299 | D:4      | Slain by an ogre

Action                   |  1- 3 |  4- 6 || total
-------------------------+-------+-------++-------
Melee: Dagger            |    28 |    49 ||    77
       Unarmed           |     3 |       ||     3
       Spear             |       |    75 ||    75
 Cast: Shock             |    67 |    64 ||   131
       Static Discharge  |       |    18 ||    18
       Repel Missiles    |       |     1 ||     1
       Swiftness         |       |     1 ||     1
  Use: Potion            |       |     5 ||     5
 Stab: Sleeping          |     2 |    16 ||    18
  Eat: Chunk             |     3 |    10 ||    13
